 Dungeon Crawl Stone Soup version 0.29.1-12-g30fa7ad0bf (webtiles) character file.

Game seed: 13787183108616566054

142 sanboga the Chopper (level 5, 0/47 HPs)
             Began as a Minotaur Monk on Dec 23, 2022.
             Slain by an orc wizard
             ... wielding a +0 dagger
              (3 damage)
             ... on level 4 of the Dungeon.
             The game lasted 00:02:34 (3389 turns).

sanboga the Chopper (Minotaur Monk)                 Turns: 3389, Time: 00:02:36

Health: 0/47       AC:  2    Str: 24    XL:     5   Next: 3%
Magic:  4/4        EV: 12    Int:  7    God:
Gold:   205        SH:  0    Dex: 12    Spells: 4/4 levels left

rFire   . . .      SeeInvis .   i - +0 war axe
rCold   + . .      Faith    .   (no shield)
rNeg    . . .      Spirit   .   b - +0 robe
rPois   .          Reflect  .   (helmet restricted)
rElec   .          Harm     .   (no cloak)
rCorr   .          Rampage  .   (no gloves)
Will    .....                   (no boots)
Stlth   ++........              (no amulet)
HPRegen 0.15/turn               m - +6 ring of strength
MPRegen 0.09/turn               o - ring of protection from cold

@: no status effects
A: horns 2, retaliatory headbutt
a: no special abilities


You were on level 4 of the Dungeon.
You visited 1 branch of the dungeon, and saw 4 of its levels.

You collected 205 gold pieces.

Inventory:

Hand Weapons
 i - a +0 war axe (weapon)
Armour
 b - a +0 robe (worn)
Jewellery
 m - a +6 ring of strength (left hand)
 o - a ring of protection from cold (right hand)
Scrolls
 d - a scroll of magic mapping {unknown}
 e - a scroll of silence {unknown}
 f - a scroll of amnesia {unknown}
 h - 6 scrolls of identify {unknown}
 k - 3 scrolls of teleportation {unknown}
 l - a scroll of butterflies {unknown}
 n - a scroll of summoning {unknown}
 p - a scroll of vulnerability {unknown}
 q - a scroll of poison {unknown}
Potions
 a - a potion of curing
 c - a potion of ambrosia
 g - a potion of flight {unknown}
 r - a potion of degeneration {unknown}


   Skills:
 + Level 4.7 Fighting
 * Level 5.5 Axes
 + Level 2.6 Armour
 - Level 3.2 Dodging
 - Level 1.5 Stealth


You had 4 spell levels left.
You didn't know any spells.
Your spell library was empty.

Dungeon Overview and Level Annotations

Branches:
Dungeon (4/15)
 Temple: D:4-7

Altars:
Qazlal


Innate Abilities, Weirdness & Mutations

You have a pair of horns on your head.
You reflexively headbutt those who attack you in melee.


Message History

Beogh smites you! The orc closely misses you.
The hound barks!
It was a potion of cancellation.
You feel magically purged. The hound barely misses you.
The orc hits you but does no damage.
You barely miss the orc. You closely miss the hound.
You barely miss the orc priest. The hound bites you but does no damage.
The hound closely misses you. You furiously retaliate!
You headbutt the hound.
An orc comes into view. It is wielding a +0 hand axe.
The orc closely misses you. You furiously retaliate!
You headbutt the orc. You slash the orc priest!
The orc priest is heavily wounded.
You hit the orc but do no damage. You closely miss the hound.
The hound bites you.
The orc priest invokes the aid of Beogh against you.
Pain shoots through your body! The hound barely misses you.
You furiously retaliate!
You headbutt the hound. You hit the orc priest.
The orc priest is severely wounded.
You hit the orc.
You kill the orc!
You barely miss the hound. The hound bites you.
The orc priest hits you with a +0 falchion!
* * * LOW HITPOINT WARNING * * *
The hound bites you.
* * * LOW HITPOINT WARNING * * *
You closely miss the orc priest.
The orc priest is severely wounded.
You hit the hound. You barely miss the orc wizard. You barely miss the orc.
The orc priest casts a cantrip, but nothing happens.
The orc barely misses you.
The orc wizard hits you with a +0 dagger.
* * * LOW HITPOINT WARNING * * *
The hound bites you but does no damage.
You slash the orc priest!
You kill the orc priest!
You hit the orc. You closely miss the hound. You barely miss the orc wizard.
The hound bites you.
* * * LOW HITPOINT WARNING * * *
The orc wizard hits you with a +0 dagger.
You die...

##.#.#####
#...# #...#
#...# #...#
######...#####.
>..............
...............
..>...)@)......
####.#ooh#.###.
#.#...#.#
#.#.o.# # #...#
..... #...#
##.##


You could see a hound, an orc wizard and 2 orcs.

Vanquished Creatures
  An orc priest (D:4)
  3 gnolls (D:3)
  5 adders
  2 dart slugs (D:2)
  5 orcs
  4 endoplasms
  6 giant cockroaches
  7 hobgoblins
  2 quokkas
  2 ball pythons (D:1)
  7 bats
  2 frilled lizards
  3 goblins (D:1)
  6 kobolds
  5 rats
60 creatures vanquished.

Notes
Turn   | Place    | Note
-------+----------+-------------------------------------------
     0 | D:1      | sanboga the Minotaur Monk began the quest for the Orb.
     0 | D:1      | Reached XP level 1. HP: 19/19 MP: 0/0
    77 | D:1      | Reached skill level 4 in Axes
    77 | D:1      | Reached XP level 2. HP: 19/27 MP: 1/1
   315 | D:1      | Reached skill level 1 in Armour
   627 | D:1      | Found a faded altar of an unknown god.
  1490 | D:2      | Reached XP level 3. HP: 30/33 MP: 2/2
  2304 | D:3      | Reached XP level 4. HP: 36/41 MP: 3/3
  2367 | D:3      | Found a stormy altar of Qazlal.
  2401 | D:3      | Reached skill level 5 in Axes
  3068 | D:3      | Reached XP level 5. HP: 47/47 MP: 4/4
  3389 | D:4      | Slain by an orc wizard

Illustrated notes

Levels and vault maps discovered:
D:1:      dreamdust_arrival_sigmund_warning, layout_basic,
          shapermc_ecumenical_altar_ellora, minmay_pentomino_r4
D:2:      layout_loops_corners
D:3:      layout_loops_ring, mainiacjoe_overflow_paths, hangedman_decor_points
D:4:      layout_loops_cross, lemuel_temple_firewalk_b

Skill      XL: |  1  2  3  4 |
---------------+-------------+-----
Axes           | 4 5 |  5.5
Armour         | 1 2 |  2.6
Fighting       | 4 |  4.7
Dodging        | |  3.2
Stealth        | |  1.5

Action                   |  1- 3 |  4- 6 || total
-------------------------+-------+-------++-------
Melee: Hand axe          |    26 |       ||    26
       Headbutt          |     7 |     2 ||     9
       War axe           |    47 |    30 ||    77
       Punch             |       |     2 ||     2
  Use: Potion            |       |     3 ||     3
 Stab: Sleeping          |     3 |     3 ||     6
Armor: Robe              |    20 |     6 ||    26
Dodge: Dodged            |    50 |    26 ||    76
